 Dungeon Crawl Stone Soup version 0.30-a0-364-gf6b3ef1049 (webtiles) character file.

Game seed: 7369446832404518376

29730 marietta the Unseen (level 13, -30/99 HPs)
             Began as an Armataur Fighter on Nov 15, 2022.
             Was an Elder of Dithmenos.
             Killed from afar by Frances (43 damage)
             ... with a shard of ice
             ... on level 12 of the Dungeon on Nov 16, 2022.
             The game lasted 00:48:56 (16986 turns).

marietta the Unseen (Armataur Fighter)             Turns: 16986, Time: 00:48:56

Health: -30/99     AC: 24    Str: 29    XL:     13   Next: 16%
Magic:  10/13      EV:  9    Int: 15    God:    Dithmenos [****..]
Gold:   1515       SH:  6    Dex: 13    Spells: 10/12 levels left

rFire   x . .      SeeInvis .    a - +2 rapier (protect)
rCold   . . .      Faith    .    c - +1 buckler
rNeg    + . .      Spirit   .    z - +4 robe of Augmentation {Str+4 Int+4 Dex+4}
rPois   +          Reflect  .    B - +2 helmet
rElec   .          Harm     .    n - +2 cloak
rCorr   .          Roll     +    u - +2 pair of gloves
Will    .....                    (no barding) Stlth *+++++++++
                                 e - amulet of regeneration
HPRegen 1.16/turn                w - ring of the Durable God {*Corrode rPois rF- rN+ Slay+6}
MPRegen 0.13/turn                R - ring of wizardry

@: lethally poisoned (-30 -> -31), under a protective aura, wreathed by umbra
A: large, rugged brown scales 3, deformed body, armoured tail, roll, long
tongue, awkward tongue
a: Renounce Religion, Shadow Step


You were on level 12 of the Dungeon.
You worshipped Dithmenos.
Dithmenos was greatly pleased with you.
You visited 3 branches of the dungeon, and saw 19 of its levels.
You also visited: Ossuary.

You collected 1515 gold pieces.

Inventory:

Hand Weapons
 a - a +2 rapier of protection (weapon)
 g - a +0 short sword of protection
 h - a +1 dagger of draining
 p - a +1 dagger of venom
 A - a +3 dagger of holy wrath
Missiles
 x - 38 poisoned darts (quivered)
Armour
 c - a +1 buckler (worn)
 n - a +2 cloak (worn)
 u - a +2 pair of gloves (worn)
 z - the +4 robe of Augmentation (worn) {Str+4 Int+4 Dex+4}
   (You found it on level 7 of the Dungeon)

   Str:       It affects your strength (+4).
   Int:       It affects your intelligence (+4).
   Dex:       It affects your dexterity (+4).
 B - a +2 helmet (worn)
 D - a +0 robe
 J - a +2 robe of cold resistance
Magical Staves
 s - a staff of air
Jewellery
 e - an amulet of regeneration (around neck)
 w - the ring of the Durable God (left hand) {*Corrode rPois rF- rN+ Slay+6}
   (You acquired it on level 4 of the Dungeon)

   [ring of positive energy]

   Slay:      It affects your accuracy & damage with ranged weapons and melee
   (+6).
   rF:        It makes you vulnerable to fire.
   rPois:     It protects you from poison.
   rN:        It protects you from negative energy.
   *Corrode:  It may corrode you when you take damage.
 I - a ring of magical power
 K - a ring of fire
 Q - an amulet of magic regeneration
 R - a ring of wizardry (right hand)
Wands
 r - a wand of flame (58)
 v - a wand of iceblast (8)
 H - a wand of digging (8)
 M - a wand of light (3)
Scrolls
 d - 6 scrolls of identify
 f - 7 scrolls of teleportation
 j - 5 scrolls of poison
 y - 2 scrolls of enchant armour
 C - 6 scrolls of amnesia
 E - 3 scrolls of magic mapping
 F - a scroll of summoning
 S - 2 scrolls of blinking
Potions
 b - a potion of heal wounds
 i - 15 potions of curing
 k - a potion of invisibility
 l - a potion of magic
 m - 4 potions of lignification
 o - 4 potions of brilliance
 q - 2 potions of might
 t - 4 potions of resistance
 G - 2 potions of mutation
 L - 3 potions of attraction
 N - a potion of flight
 O - 2 potions of cancellation
 P - a potion of haste {unknown}


   Skills:
 - Level 2.6 Fighting
 - Level 10.3 Short Blades
 - Level 3.6 Armour
 - Level 19.5 Stealth
 - Level 6.9 Shields
 + Level 5.5 Hexes
 + Level 5.5 Air Magic


You had 10 spell levels left.
You knew the following spells:

 Your Spells              Type           Power      Damage    Failure   Level
a - Ensorcelled Hibernat  Hex/Ice        16%        N/A       6%          2

Your spell library contained the following spells:

 Spells                   Type           Power      Damage    Failure   Level
 Slow                     Hex            64%        N/A       1%          1
 Confusing Touch          Hex            16%        N/A       4%          3
 Swiftness                Air            16%        N/A       4%          3
 Poisonous Vapours        Pois/Air       16%        N/A       6%          2
 Cigotuvi's Dreadful Rot  Necr/Pois/Air  10%        N/A       9%          2
 Inner Flame              Hex/Fire       8%         N/A       12%         3
 Apportation              Tloc           0%         N/A       13%         1
 Freeze                   Ice            0%         1d3       13%         1
 Necrotise                Necr           0%         1d4       13%         1
 Summon Small Mammal      Summ           0%         N/A       13%         1
 Mephitic Cloud           Conj/Pois/Air  5%         N/A       17%         3
 Passwall                 Tmut/Erth      0%         N/A       19%         2
 Frozen Ramparts          Ice            0%         1d1       34%         3
 Gell's Gravitas          Tloc           0%         N/A       34%         3
 Hailstorm                Conj/Ice       0%         3d3       34%         3
 Lesser Beckoning         Tloc           0%         N/A       34%         3
 Teleport Other           Tloc           0%         N/A       34%         3
 Vampiric Draining        Necr           0%         2d6       34%         3
 Flame Wave               Conj/Fire      0%         2d4       75%         4
 Sticky Flame             Conj/Fire      0%         2d3       75%         4


Dungeon Overview and Level Annotations

Branches:
Dungeon (13/15)            Temple (1/1) D:5            Lair (5/5) D:8
 Shoals (0/4) Lair:3        Snake (0/4) Lair:2          Orc (0/2) D:11
Ossuary (visited)
  Slime: Lair:4-5    Vaults: D:13-14

Altars:
Ashenzari
Cheibriados
Dithmenos
Elyvilon
Fedhas
Gozag
Hepliaklqana
Kikubaaqudgha
Makhleb
Nemelex Xobeh
Okawaru
Qazlal
Ru
Sif Muna
Trog
Uskayaw
Vehumet
Wu Jian
Xom
Yredelemnul
Zin
The Shining One

Annotations:
D:4 Eustachio
D:5 2 runed translucent doors, mewnfare's ghost, novice TrGl
D:8 exclusion: statue
D:12 Frances


Innate Abilities, Weirdness & Mutations

You are completely covered in rugged brown scales. (AC +3, +7% HP)
Armour fits poorly on your strangely shaped body.
You have a long armoured tail.
You roll when moving toward enemies. (Rampage)
Your long tongue fully drains potion bottles. (2x potion effects)
Your tongue gives you trouble enunciating. (1.5x scroll delay)


Message History

You feel very sick. Frances hits you but does no damage.
You hit Frances.
Frances is heavily wounded.
You feel very sick. You block Frances's attack.
You hit Frances. You tail-slap Frances!
Frances is heavily wounded.
Your shadow barely misses Frances.
You feel sick.
You completely miss Frances.
Frances is heavily wounded.
You feel very sick. Frances hits you but does no damage.
You hit Frances but do no damage.
Frances is heavily wounded.
You feel sick.
Frances hits you with a +3 battleaxe of venom!!
You barely miss Frances.
You tail-slap Frances, but do no damage.
Frances is heavily wounded.
You feel sick.
Frances chants phrases taken from a devil's mouth.
The iron shot hits you!
* * * LOW HITPOINT WARNING * * *
You barely miss Frances.
Frances is heavily wounded.
You feel sick.
You barely miss Frances.
You tail-slap Frances, but do no damage.
Frances is heavily wounded.
You feel sick.
Frances whispers indecipherable words.
The shard of ice hits you!
* * * LOW HITPOINT WARNING * * *
You barely miss Frances. You tail-slap Frances!
Frances is severely wounded.
You feel sick.
Frances chants phrases taken from a devil's mouth.
The shard of ice hits you!!!
You die...

#....#..# #.†##...#
#....#..# #.†.....#
#....+..# #.......#
#....##.# #########'###...#
......#.###...........#####
......+...#...........#
......#...#...........#
......#...'...........#
......#...#.....@.....#
......#####.....@.....#
...............#######.....#
.............[.#.....#.....#
...............#.....#.....#
...............##....#.....#
###'##.....##'###....#######
.....#.....#.....(....#
.....#.....#..........#


You could see Frances.

Vanquished Creatures
  A hydra (Lair:2)
  Urug (Lair:1)
  Lodul (D:12)
  A wizard (D:13)
  2 manticores (D:12)
  4 ugly things
  2 cyclopes
  2 black mambas
  Maurice (D:11)
  A merfolk siren (Lair:3)
  A gargoyle (D:10)
  Maggie (D:7)
  11 cane toads
  A rime drake (Lair:3)
  Psyche (D:8)
  A kobold demonologist (D:13)
  4 komodo dragons
  A polar bear (Lair:5)
  A merfolk (Lair:3)
  6 trolls
  7 blink frogs
  A shadow (D:11)
  2 wraiths
  A centaur simulacrum (D:11)
  36 yaks
  A wyvern (Lair:2)
  A basilisk (Lair:2)
  A basilisk (shapeshifter) (D:11)
  A steam dragon (D:9)
  7 vampire mosquitoes
  Menkaure (D:5)
  An acid dragon (D:12)
  7 nagas
  8 water moccasins
  2 ice beasts
  6 orc warriors
  A black bear (D:4)
  3 sky beasts
  15 wolves
  8 ogres
  3 centaurs
  A phantom (D:5)
  3 kobold brigands
  5 bullfrogs
  2 gnoll sergeants
  2 scorpions
  9 killer bees
  An electric eel (Lair:4)
  3 centaur zombies (Ossuary)
  6 jellies
  8 orc priests
  2 hounds
  Terence (D:2)
  2 iguanas
  12 orc wizards
  5 mummies (Ossuary)
  Robin (D:4)
  8 gnolls
  4 adders
  A shadow imp (D:6)
  A white imp (D:8)
  2 worms
  5 dart slugs
  32 orcs
  5 endoplasms
  5 giant cockroaches
  20 goblins
  4 hobgoblins
  8 jackals
  A quokka (D:4)
  6 ball pythons
  4 bats
  A frilled lizard (D:1)
  5 hobgoblin zombies (Ossuary)
  19 kobolds
  5 rats
356 creatures vanquished.

Vanquished Creatures (others)
  16 fungi
  15 plants
  4 withered plants (D:5)
35 creatures vanquished.

Grand Total: 391 creatures vanquished

Notes
Turn   | Place    | Note
-------+----------+-------------------------------------------
     0 | D:1      | marietta the Armataur Fighter began the quest for the Orb.
     0 | D:1      | Reached XP level 1. HP: 19/19 MP: 1/1
    42 | D:1      | Reached skill level 1 in Stealth
   117 | D:1      | You fall into a shaft and drop 1 floor!
   119 | D:2      | Found a glowing golden altar of the Shining One.
   157 | D:2      | Reached XP level 2. HP: 14/20 MP: 2/2
   256 | D:1      | Reached skill level 2 in Stealth
   346 | D:1      | Reached XP level 3. HP: 28/28 MP: 3/3
   990 | D:2      | Reached skill level 3 in Stealth
  1073 | D:2      | Reached XP level 4. HP: 39/39 MP: 4/4
  1190 | D:2      | Noticed Terence
  1204 | D:2      | Killed Terence
  1791 | D:3      | Reached skill level 4 in Stealth
  1841 | D:3      | Noticed Robin
  1997 | D:4      | Reached XP level 5. HP: 37/44 MP: 5/5
  2031 | D:4      | Killed Robin
  2224 | D:4      | Noticed Eustachio
  2238 | D:4      | Noticed a black bear
  2608 | D:4      | Noticed an ogre
  2625 | D:4      | Killed an ogre
  2626 | D:4      | Reached skill level 5 in Stealth
  2626 | D:4      | Reached XP level 6. HP: 20/53 MP: 6/6
  2788 | D:4      | Reached skill level 6 in Stealth
  2904 | D:4      | Found a basalt altar of Yredelemnul.
  3291 | D:5      | Entered Level 5 of the Dungeon
  3327 | D:5      | Noticed Menkaure
  3418 | D:4      | Identified a scroll of acquirement
  3421 | D:4      | Acquired the ring of the Durable God {*Corrode rPois rF-
                  | rN+ Slay+6}
  3463 | D:5      | Killed Menkaure
  3464 | D:5      | Reached skill level 7 in Stealth
  3464 | D:5      | Reached XP level 7. HP: 21/59 MP: 7/7
  3677 | D:5      | Found an ancient bone altar of Kikubaaqudgha.
  3784 | D:5      | Found a large runed translucent door.
  3784 | D:5      | Found a large runed translucent door.
  3786 | D:5      | Reached skill level 8 in Stealth
  3787 | D:5      | Noticed mewnfare's ghost (novice TrGl)
  3848 | D:5      | Reached skill level 5 in Short Blades
  4084 | D:5      | Found a glowing golden altar of the Shining One.
  4231 | D:5      | Reached XP level 8. HP: 66/66 MP: 8/8
  4238 | D:5      | Found a staircase to the Ecumenical Temple.
  4245 | Temple   | Entered the Ecumenical Temple
  4306 | Temple   | Became a worshipper of Dithmenos the Shadowed
  4845 | D:6      | Reached skill level 9 in Stealth
  5665 | D:7      | Reached skill level 10 in Stealth
  5852 | D:7      | Found a stormy altar of Qazlal.
  5930 | D:7      | Found the +4 robe of Augmentation {Str+4 Int+4 Dex+4}
  6042 | D:7      | Noticed Maggie
  6046 | D:7      | Killed Maggie
  6047 | D:7      | Reached skill level 11 in Stealth
  6089 | D:7      | Reached XP level 9. HP: 44/72 MP: 9/9
  6894 | D:7      | Reached skill level 12 in Stealth
  6950 | D:8      | Found a staircase to the Lair.
  7001 | D:8      | Found a sand-covered staircase.
  7006 | Ossuary  | Entered an ossuary
  7012 | Ossuary  | Reached * piety under Dithmenos
  7176 | D:8      | Noticed Psyche
  7191 | D:8      | Killed Psyche
  7192 | D:8      | Reached skill level 13 in Stealth
  7237 | D:8      | Found a shimmering altar of Xom.
  7240 | D:8      | Found a broken altar of Ashenzari.
  7587 | D:8      | Found a radiant altar of Vehumet.
  7640 | Lair:1   | Entered Level 1 of the Lair of Beasts
  7645 | Lair:1   | Noticed Urug
  7651 | Lair:1   | Killed Urug
  7652 | Lair:1   | Reached XP level 10. HP: 79/79 MP: 10/10
  7674 | Lair:1   | Noticed a black mamba
  7683 | Lair:1   | Killed a black mamba
  7684 | Lair:1   | Reached skill level 14 in Stealth
  8071 | Lair:1   | Reached skill level 15 in Stealth
  8131 | Lair:1   | Noticed a cane toad
  8370 | D:9      | Reached ** piety under Dithmenos
  9161 | D:9      | Reached skill level 16 in Stealth
  9161 | D:9      | Reached XP level 11. HP: 86/86 MP: 11/11
  9911 | D:10     | Entered Level 10 of the Dungeon
  9915 | D:10     | Found a snail-covered altar of Cheibriados.
  9957 | D:10     | Found a sacrificial altar of Ru.
 10328 | D:10     | Reached *** piety under Dithmenos
 10658 | D:11     | Noticed Maurice
 10667 | D:11     | Killed Maurice
 10668 | D:11     | Reached skill level 10 in Short Blades
 10668 | D:11     | Reached skill level 17 in Stealth
 10767 | D:11     | Found a staircase to the Orcish Mines.
 11878 | Lair:2   | Reached **** piety under Dithmenos
 11879 | Lair:2   | Reached skill level 18 in Stealth
 11898 | Lair:2   | Noticed a seven-headed hydra
 12035 | Lair:2   | Killed a seven-headed hydra
 12460 | Lair:2   | Found a staircase to the Snake Pit.
 12656 | Lair:3   | Reached skill level 5 in Shields
 12656 | Lair:3   | Reached XP level 12. HP: 94/94 MP: 12/12
 13286 | Lair:3   | Found a staircase to the Shoals.
 13331 | Lair:3   | Reached skill level 19 in Stealth
 14191 | Lair:4   | Learned a level 2 spell: Ensorcelled Hibernation
 14208 | Lair:4   | Noticed a seven-headed hydra
 14251 | Lair:5   | Entered Level 5 of the Lair of Beasts
 14300 | Lair:5   | Reached skill level 1 in Hexes
 14300 | Lair:5   | Reached skill level 1 in Air Magic
 14462 | Lair:5   | Noticed a death yak
 15132 | D:12     | Noticed Lodul
 15620 | D:12     | Noticed Frances
 15851 | D:13     | Reached XP level 13. HP: 99/99 MP: 13/13
 16159 | D:13     | Reached skill level 5 in Hexes
 16159 | D:13     | Reached skill level 5 in Air Magic
 16371 | D:13     | Reached ***** piety under Dithmenos
 16483 | D:12     | Killed Lodul
 16986 | D:12     | Killed from afar by Frances

Illustrated notes

Levels and vault maps discovered:
D:1:      giann_forest_graveyard, layout_loops_ring
D:2:      layout_basic, basic_altar, uniq_terence
D:3:      layout_loops_cross, uniq_robin
D:4:      layout_basic, lemuel_tele_altar, uniq_eustachio
D:5:      layout_loops_corners, mainiacjoe_overflow_brackets,
          kiku_gazebo_garden_becter, minmay_temple_entry_nine_rooms,
          ebering_ghost_disaster_area, uniq_menkaure
D:6:      layout_cave_pods, serial_column_ruins, column_ruins_hut,
          column_ruins_hut, column_ruins_grid_1, column_ruins_open_large,
          column_ruins_open_large, column_ruins_open_small
D:7:      layout_gridville, mainiacjoe_overflow_paths, uniq_maggie
D:8:      layout_cave_pools, vehumet_statue, grunt_temple_overflow_open,
          dpeg_oklobed_lair, nicolae_ossuary_entry_false_entrances,
          minivault_24, uniq_psyche
D:9:      layout_grid_maze, kennysheep_generic_room_11
D:10:     layout_gridville, marbit_many_paths, kennysheep_slug_shrine
D:11:     layout_small_grid, orc_0_dummy, kb_rosetta, uniq_maurice
D:12:     layout_gridville, minmay_misc_feat_plants, uniq_lodul, uniq_frances
D:13:     layout_irregular_city
Temple:   nicolae_temple_god_jail
Lair:1:   layout_loops_ring, st_stairs_6, grunt_megastairs_4, uniq_urug
Lair:2:   layout_regular_city, minmay_snake_entry_guardpost_medium
Lair:3:   layout_gridlike, elwin_shoals_entry_rooms
Lair:4:   layout_cave_pods, lemuel_fruit_fields, infiniplex_staircase_pool,
          serial_bayou_shore_b
Lair:5:   cheibrodos_lair_end_hotspot, layout_long_grid, slime_entry_1,
          ebering_ghost_disaster_area, chequers_serial_rivers_large_a

Skill      XL: |  1  2  3  4  5  6  7  8  9 10 11 12 13 |
---------------+----------------------------------------+-----
Short Blades   | 2 3 4 5 6 8 9 10 | 10.3
Stealth        | 1 2 3 4 5 7 8 11 13 16 18 19 | 19.5
Shields        | 5 6 |  6.9
Hexes          | 4 5 |  5.5
Air Magic      | 4 5 |  5.5
Fighting       | |  2.6
Armour         | |  3.6

Action                   |  1- 3 |  4- 6 |  7- 9 | 10-12 | 13-15 || total
-------------------------+-------+-------+-------+-------+-------++-------
Melee: Short sword       |    22 |       |       |       |       ||    22
       Rapier            |    13 |       |       |   315 |    55 ||   383
       Tailslap          |    13 |    23 |    33 |   141 |    12 ||   222
       Dagger            |    91 |   166 |   214 |   451 |       ||   922
Throw: Dart              |       |       |       |    13 |       ||    13
 Cast: Ensorcelled Hiber |       |       |       |     3 |       ||     3
Invok: Shadow Step       |       |       |       |       |     2 ||     2
Evoke: Wand              |       |       |       |     8 |       ||     8
  Use: Scroll            |       |     4 |    12 |    22 |       ||    38
       Potion            |       |     2 |     2 |     1 |       ||     5
 Stab: Sleeping          |       |     1 |    17 |    52 |     7 ||    77
       Distracted        |       |       |       |     2 |     1 ||     3
Armor: Scale mail        |    58 |   109 |       |       |       ||   167
       Robe              |       |     2 |    92 |   281 |    28 ||   403
Dodge: Dodged            |    24 |    79 |    64 |   251 |    22 ||   440
Block: Buckler           |    20 |    33 |    29 |   158 |    16 ||   256

Table legend: (Time is in decaauts)
 A = Elapsed time spent in this place.
 B = Non-inter-level travel time spent in this place.
 C = Inter-level travel time spent in this place.
 D = Time resting spent in this place.
 E = Time spent auto-exploring this place.
 F = Levels seen in this place.
 G = Mean time per level.
                   A        B        C        D        E       F      G
               +--------+--------+--------+--------+--------+-----+--------+
         Total |  16648 |  15428 |   1220 |   3012 |   9377 |  20 |  832.4 |
       Dungeon |  12236 |  11287 |    949 |   2092 |   7255 |  13 |  941.2 |
        Temple |    144 |    109 |     35 |     19 |     46 |   1 |  144.0 |
          Lair |   4164 |   3928 |    236 |    901 |   2018 |   5 |  832.8 |
       Ossuary |    103 |    103 |      0 |      0 |     57 |   1 |  103.0 |
               +--------+--------+--------+--------+--------+-----+--------+

Top non-repeatable levels by time:
     D:9: 1436 daAuts
  Lair:3: 1312 daAuts
  Lair:1: 1244 daAuts
     D:6: 1185 daAuts
     D:5: 1146 daAuts
     D:4: 1107 daAuts
     D:8: 1071 daAuts
    D:12: 1057 daAuts
     D:7: 1024 daAuts
  Lair:2: 1005 daAuts
     D:3: 875 daAuts
     D:1: 703 daAuts
    D:13: 688 daAuts
     D:2: 663 daAuts
    D:11: 662 daAuts
